 Dungeon Crawl Stone Soup version 0.29-a0-333-gb4c28e87c6 (webtiles) character file.

Game seed: 4269524408573394806

7 Jortsu the Skirmisher (level 1, 0/18 HPs)
             Began as a Demonspawn Fighter on Apr 13, 2022.
             Slain by a hobgoblin (2 damage)
             ... on level 1 of the Dungeon.
             The game lasted 00:00:08 (84 turns).

Jortsu the Skirmisher (Demonspawn Fighter)            Turns: 84, Time: 00:00:09

Health: 0/18       AC:  6    Str: 16    XL:     1   Next: 83%
Magic:  1/1        EV:  8    Int:  9    God:
Gold:   9          SH:  4    Dex: 12    Spells: 0/0 levels left

rFire   . . .      SeeInvis .   a - +0 war axe
rCold   . . .      Faith    .   c - +0 buckler
rNeg    . . .      Spirit   .   b - +0 scale mail
rPois   .          Reflect  .   (no helmet)
rElec   .          Harm     .   (no cloak)
rCorr   .          Rampage  .   (no gloves)
Will    .....                   (no boots)
Stlth   ..........              (no amulet)
HPRegen 0.06/turn               (no ring)
MPRegen 0.07/turn               (no ring)

@: no status effects
A: no striking features
a: no special abilities


You were on level 1 of the Dungeon.
You visited 1 branch of the dungeon, and saw 1 of its levels.

You collected 9 gold pieces.

Inventory:

Hand Weapons
 a - a +0 war axe (weapon)
Armour
 b - a +0 scale mail (worn)
 c - a +0 buckler (worn)
Potions
 d - a potion of might


   Skills:
 + Level 3.1 Fighting
 + Level 1.9 Axes
 + Level 2.8 Armour
 + Level 2.8 Shields


You couldn't memorise any spells.
You didn't know any spells.
Your spell library was empty.

Dungeon Overview and Level Annotations

Branches:
Dungeon (1/15)

Altars:


Message History

The ball python constricts you. The quokka completely misses you.
You closely miss the goblin.
The goblin is severely wounded.
You hit the hobgoblin. You slash the ball python!
You kill the ball python!
You closely miss the quokka. The hobgoblin hits you.
The goblin hits you with a +0 dagger. The quokka barely misses you.
The hobgoblin hits you but does no damage.
The goblin hits you with a +0 dagger.
You closely miss the goblin.
The goblin is severely wounded.
You closely miss the hobgoblin. You hit the quokka. x2
The quokka bites you but does no damage.
The quokka barely misses you. The goblin hits you with a +0 dagger.
* * * LOW HITPOINT WARNING * * *
You block the hobgoblin's attack. The quokka closely misses you.
The quokka bites you but does no damage.
You hit the goblin but do no damage.
The goblin is severely wounded.
You miss the quokka. You hit the quokka but do no damage.
You hit the hobgoblin but do no damage. You block the quokka's attack.
The quokka bites you but does no damage.
The goblin barely misses you.
The hobgoblin hits you but does no damage.
You block the quokka's attack.
The quokka bites you but does no damage.
You hit the goblin.
You kill the goblin!
You hit the quokka but do no damage. You miss the quokka.
You barely miss the hobgoblin. The hobgoblin hits you.
* * * LOW HITPOINT WARNING * * *
You block the quokka's attack. The quokka completely misses you.
The hobgoblin hits you.
* * * LOW HITPOINT WARNING * * *
You hit the quokka.
You kill the quokka!
You hit the quokka.
You kill the quokka!
You closely miss the hobgoblin. The hobgoblin hits you.
You die...

#..#...#.## ######...
#.######## #........
#.############......#
#.....).............#
#########.####......#
#.## #...(..#
#..###......#
##.......†..####
#..###.@)...... #..#
#..g..###.
#..##.##..## #....#
...# #.... ##...
##... ...# ##... ##.#
#.


You could see a hobgoblin.

Vanquished Creatures
  A ball python (D:1)
  2 goblins (D:1)
  A kobold (D:1)
  2 quokkas (D:1)
  2 rats (D:1)
8 creatures vanquished.

Notes
Turn   | Place    | Note
-------+----------+-------------------------------------------
     0 | D:1      | Jortsu the Demonspawn Fighter began the quest for the Orb.
     0 | D:1      | Reached XP level 1. HP: 18/18 MP: 1/1
    84 | D:1      | Slain by a hobgoblin

Illustrated notes

Levels and vault maps discovered:
D:1:      dpeg_arrival_three_same_balls, layout_basic, serial_shops,
          shop_statue, minmay_vboxes

Action                   || total
-------------------------++-------
Melee: War axe           ||    11
Armor: Scale mail        ||    14
Dodge: Dodged            ||    12
Block: Buckler           ||     7

Table legend: (Time is in decaauts)
 A = Elapsed time spent in this place.
 B = Non-inter-level travel time spent in this place.
 C = Inter-level travel time spent in this place.
 D = Time resting spent in this place.
 E = Time spent auto-exploring this place.
 F = Levels seen in this place.
 G = Mean time per level.
                   A        B        C        D        E       F      G
               +--------+--------+--------+--------+--------+-----+--------+
         Total |     88 |     88 |      0 |      0 |     61 |   1 |   88.0 |
       Dungeon |     88 |     88 |      0 |      0 |     61 |   1 |   88.0 |
               +--------+--------+--------+--------+--------+-----+--------+

Top non-repeatable levels by time:
     D:1: 88 daAuts
